Map: Frozen Temple

Players

Deadpool - Winner!

  • Race: Terran Terran
  • League: Diamond

A.I. 1 (Very Easy)

  • Race: Protoss Protoss

VOD

Have the link to the VOD?

Description

Follow up to Legend Build

Time

  • Played on: Nov. 12, 2016, 10:48 p.m.
  • Length: 7:46
Show
View Real Time Build Order
Export as new Build Order

Deadpool Terran - Winner!

Build Orders:  

Get SALT Encoding   

  12  0:01  SCV  
  13  0:13  SCV  
  14  0:18  Supply Depot  
  14  0:25  SCV  
  15  0:30  Refinery  
  15  0:40  SCV  
  16  0:46  Barracks  
  16  0:52  SCV  
  17  0:57  Refinery  
  17  1:04  SCV  
  18  1:16  SCV  
  19  1:33  Orbital Command  
  19  1:35  Factory  
  19  1:36  Reaper  
  20  1:46  Supply Depot  
  20  1:58  SCV  
  22  2:08  Reaper  
  22  2:11  SCV  
  23  2:19  Hellion  
  25  2:23  SCV  
  26  2:38  Command Center  
  26  2:40  Reaper, SCV  
  28  2:44  Hellion  
  30  2:51  Supply Depot  
  30  2:57  SCV  
  31  3:01  Starport  
  31  3:06  Factory Tech Lab  
  31  3:12  Barracks Reactor  
  31  3:14  SCV  
  32  3:25  Cyclone  
  32  3:26  SCV  
  37  3:38  SCV  
  38  3:50  Medivac, SCV  
  38  3:51  Supply Depot  
  38  3:54  Supply Depot  
  38  3:55  Supply Depot  
  41  3:56  Orbital Command  
  41  4:02  Marine  
  41  4:03  Marine  
  43  4:11  SCV  
  43  4:14  Siege Tank  
  47  4:23  SCV  
  48  4:27  Supply Depot  
  48  4:28  SCV  
  48  4:30  Marine x2  
  51  4:31  Starport Reactor  
  51  4:35  SCV  
  52  4:40  SCV  
  53  4:47  SCV  
  53  4:49  Supply Depot  
  54  4:53  SCV  
  54  4:55  Siege Tank, Marine  
  54  4:56  Marine  
  54  4:59  SCV  
  61  5:04  Refinery  
  61  5:05  SCV  
  62  5:11  Medivac x2, SCV  
  62  5:12  Supply Depot  
  62  5:13  Marine x2  
  69  5:18  SCV  
  70  5:23  SCV  
  70  5:27  Barracks x2  
  71  5:32  Siege Tank  
  71  5:35  Supply Depot  
  74  5:45  Engineering Bay x2, Marine x2  
  74  5:46  Medivac  
  78  6:01  Supply Depot  
  78  6:03  Marine  
  79  6:12  Marine  
  79  6:13  Siege Tank, Medivac  
  79  6:14  Marine x2  
  87  6:21  Marine  
  88  6:30  Marine, SCV x2  
  88  6:32  Marine x2  
  93  6:36  Medivac  
  93  6:39  Marine  
  96  6:42  SCV  
  96  6:43  SCV  
  98  6:48  Marine  
  98  6:50  Marine x2  
  98  6:53  Siege Tank  
  104  6:56  Marine  
  105  7:06  Marine  
  105  7:08  Marine x2  
  108  7:10  Command Center  
  108  7:14  Marine  
  109  7:24  Marine  
  109  7:25  Marine x2  
  112  7:34  SCV x2  
  118  7:37  Refinery  
Show
View Real Time Build Order
Export as new Build Order

A.I. 1 (Very Easy) Protoss 

Build Orders:  

Get SALT Encoding   

  12  0:01  Probe (Chrono Boost)  
  13  0:11  Probe (Chrono Boost)  
  14  0:20  Pylon  
  14  0:36  Assimilator  
  14  0:42  Gateway  
  14  0:45  Pylon  
  14  1:12  Assimilator  
  14  1:20  Probe (Chrono Boost)  
  15  1:31  Probe (Chrono Boost)  
  16  1:33  Cybernetics Core  
  16  1:42  Probe (Chrono Boost)  
  17  1:52  Probe (Chrono Boost)  
  18  1:57  Warp Gate  
  18  2:03  Probe (Chrono Boost)  
  19  2:09  Stalker  
  19  2:14  Probe (Chrono Boost)  
  22  3:35  Stalker  
  22  3:39  Pylon  
  22  4:12  Zealot  
  24  4:40  Stalker  
  26  5:40  Probe (Chrono Boost)  
  26  5:41  Zealot  
  29  5:43  Robotics Facility  
  29  5:48  Nexus  
  29  5:50  Probe (Chrono Boost)  
  29  5:54  Pylon  
  30  6:01  Probe (Chrono Boost)  
  25  6:12  Probe (Chrono Boost)  
  26  6:22  Probe (Chrono Boost)  
  27  6:28  Immortal  
  32  6:34  Probe (Chrono Boost)  
  32  6:35  Pylon  
  29  6:48  Probe (Chrono Boost)  
  27  6:58  Pylon  
  27  6:59  Zealot  
  27  7:00  Probe (Chrono Boost)  
  27  7:11  Probe (Chrono Boost)  
  27  7:13  Pylon  
  21  7:22  Probe (Chrono Boost)  
  17  7:29  Zealot  
Tags
 
Add a new tag
Caveats
  • Supply blocks, unpowered buildings, or Contaminate may cause inaccurate times.
  • Supply counts are checked every 10 seconds.